 Dungeon Crawl Stone Soup version 0.32-a0-666-ge8a88695a4 (webtiles) character file.

Game seed: 11325977973350899

357139 quinnr the Ruinous (level 22, -9/142 HPs)
             Began as a Tengu Air Elementalist on Feb 29, 2024.
             Was the Champion of Vehumet.
             Mangled by a rockslime (43 damage)
             ... created by the Royal Jelly
             ... on level 5 of the Pits of Slime on Mar 9, 2024.
             The game lasted 02:56:53 (75177 turns).

quinnr the Ruinous (Tengu Air Elementalist)        Turns: 75177, Time: 02:56:54

Health: -9/142     AC: 12    Str:  7    XL:     22   Next: 36%
Magic:  41/46      EV: 38    Int: 24    God:    Vehumet [******]
Gold:   1616       SH:  6    Dex: 16    Spells: 1/51 levels left

rFire   + + +        N - staff "Vyof Jiu" {+Blink rF+ rC+ Str-4 Fire Air, !a}
rCold   + + .        Z - +1 buckler of the Earth {rF+ Slay+2 SInv}
rNeg    + . .        v - +2 leather armour "Gotirit" {rC+ Will+ Str+2}
rPois   +            (helmet restricted)
rElec   .            E - +2 ratskin cloak {*Rats rPois rN+ Str-1 Int-1 Dex+1}
rCorr   +            j - +2 pair of gloves
SInv    +            (boots unavailable)
Will    ++...        a - amulet of magic regeneration
Stlth   ++++         M - ring of magical power
HPRegen 0.43/turn    R - ring of resist corrosion
MPRegen 0.70/turn

%: acrobat
@: swift (expiring), acrobatic, fragile (+50% incoming damage), flying, quick
A: beak, talons 3, evasive flight, acrobatic, fire resistance 1, low MP 1, sense
surroundings 1, wild magic 1
}: 2/15 runes: decaying, serpentine
a: Renounce Religion, Evoke Blink


You were on level 5 of the Pits of Slime.
You worshipped Vehumet.
Vehumet was exalted by your worship.
You visited 8 branches of the dungeon, and saw 40 of its levels.
You also visited: Ice Cave.

You collected 3749 gold pieces.
You spent 2133 gold pieces at shops.


Innate Abilities, Weirdness & Mutations

You have a beak for a mouth.
You have claws for feet.
Your magical flight helps you evade attacks. (EV +4)
You can magically evade attacks while moving or waiting.
Your flesh is heat resistant. (rF+)
Your magical capacity is low. (-10% MP)
You passively map a small area around you.
Your spells are a little harder to cast, but a little more powerful.


   Skills:
 - Level 16.0 Fighting
 - Level 8.0 Armour
 - Level 15.0 Dodging
 - Level 8.0 Stealth
 - Level 4.0 Shields
 - Level 15.0 Spellcasting
 + Level 23.8 Conjurations
 - Level 14.0 Fire Magic
 - Level 10.0 Ice Magic
 - Level 17.1 Air Magic
 - Level 8.0 Evocations


You had one spell level left.
You knew the following spells:

 Your Spells              Type           Power      Damage    Failure   Level
a - Airstrike             Air            57%        2d(9-25)  1%          4
b - Iskenderun's Battles  Conj           100%       2d15      1%          5
f - Freezing Cloud        Conj/Ice/Air   57%        6-21      1%          5
i - Swiftness             Air            100%       N/A       1%          3
l - Summon Lightning Spi  Summ/Air       86%        N/A       3%          4
s - Fire Storm            Conj/Fire      59%        8d15      63%         9
t - Static Discharge      Conj/Air       100%       3-8/arc   1%          2
z - Shock                 Conj/Air       100%       1d9       1%          1
X - Plasma Beam           Fire/Air       67%        2x1d83    1%          6
Y - Conjure Ball Lightni  Conj/Air       61%        3x3d22    1%          6
Z - Arcjolt               Conj/Air       61%        1d71      1%          5

Your spell library contained the following spells:

 Spells                   Type           Power      Damage    Failure   Level
 Maxwell's Capacitive Co  Air            57%        ∞         14%         8
 Shatter                  Erth           11%        3d12*     100%        9
 Sting                    Conj/Alch      100%       1d9       1%          1
 Sandblast                Erth           46%        2d11      3%          1
 Apportation              Tloc           46%        N/A       11%         1
 Necrotise                Necr           92%        1d8       11%         1
 Summon Small Mammal      Summ           92%        N/A       11%         1
 Momentum Strike          Conj/Tloc      100%       3d10      1%          2
 Scorch                   Fire           100%       2d9       1%          2
 Stone Arrow              Conj/Erth      100%       3d13      1%          3
 Brom's Barrelling Bould  Conj/Erth      78%        2d9       1%          4
 Flame Wave               Conj/Fire      100%       2d21      1%          4
 Ignite Poison            Fire/Alch      79%        N/A       1%          4
 Sticky Flame             Fire/Alch      79%        2d12      1%          4
 Vhi's Electric Charge    Tloc/Air       100%       N/A       3%          4
 Bombard                  Conj/Erth      39%        9d7       3%          6
 Blink                    Tloc           46%        N/A       16%         2
 Jinxbite                 Hex            46%        N/A       16%         2
 Lesser Beckoning         Tloc           46%        N/A       16%         2
 Call Canine Familiar     Summ           23%        N/A       28%         3
 Gell's Gravitas          Tloc           23%        N/A       28%         3
 Passwall                 Erth           23%        N/A       28%         3
 Sigil of Binding         Hex            23%        N/A       28%         3
 Teleport Other           Tloc           23%        N/A       28%         3
 Ignition                 Fire           52%        3d15      41%         8
 Lee's Rapid Deconstruct  Erth           11%        3d8*      47%         5
 Yara's Violent Unravell  Hex/Alch       11%        3d6       47%         5
 Animate Armour           Summ/Erth      46%        N/A       65%         4
 Animate Dead             Necr           23%        N/A       65%         4
 Dimensional Bullseye     Hex/Tloc       11%        N/A       65%         4
 Leda's Liquefaction      Alch/Erth      11%        N/A       65%         4
 Manifold Assault         Tloc           23%        N/A       65%         4
 Alistair's Intoxication  Alch           15%        N/A       92%         5
 Dispersal                Tloc           11%        N/A       100%        6
 Summon Cactus Giant      Summ           11%        N/A       100%        6
 Enfeeble                 Hex            11%        N/A       100%        7
 Haunt                    Necr/Summ      11%        N/A       100%        7
 Disjunction              Tloc           11%        N/A       100%        8
 Infestation              Necr           11%        N/A       100%        8

Inventory:

Hand Weapons
 C - a +1 dagger of speed
 I - the +10 mace of World's End {elec, rElec Will++ Int+3}
   (You found it on level 9 of the Dungeon)

   Int+3:     It affects your intelligence (+3).
   rElec:     It insulates you from electricity.
   Will++:    It greatly increases your willpower.
Missiles
 m - 6 datura-tipped darts
 H - 2 throwing nets {=f}
Armour
 j - a +2 pair of gloves (worn)
 v - the +2 leather armour "Gotirit" (worn) {rC+ Will+ Str+2}
   (You bought it in a shop on level 9 of the Dungeon)

   Str+2:     It affects your strength (+2).
   rC+:       It protects you from cold.
   Will+:     It increases your willpower.
 E - the +2 ratskin cloak (worn) {*Rats rPois rN+ Str-1 Int-1 Dex+1}
   (You acquired it on level 2 of the Vaults)

   *Rats:     When the wearer is hurt, rats may emerge from it to assist them.
   Str-1:     It affects your strength (-1).
   Int-1:     It affects your intelligence (-1).
   Dex+1:     It affects your dexterity (+1).
   rPois:     It protects you from poison.
   rN+:       It protects you from negative energy.
 J - a +2 cloak of willpower
 Y - the +0 cloak "Aruffae" {rElec rF+ Int+2 Dex+3}
   (You bought it in a shop on level 2 of the Orcish Mines)

   Int+2:     It affects your intelligence (+2).
   Dex+3:     It affects your dexterity (+3).
   rF+:       It protects you from fire.
   rElec:     It insulates you from electricity.
 Z - the +1 buckler of the Earth (worn) {rF+ Slay+2 SInv}
   (You bought it in a shop on level 3 of the Vaults)

   Slay+2:    It affects your accuracy & damage with ranged weapons and melee
   (+2).
   rF+:       It protects you from fire.
   SInv:      It lets you see invisible.
Magical Staves
 N - the staff "Vyof Jiu" (weapon) {+Blink rF+ rC+ Str-4 Fire Air, !a}
   (You found it on level 9 of the Dungeon)

   [staff of fire]

   Base accuracy: +5 Base damage: 5 Base attack delay: 1.2 This weapon's minimum
   attack delay (0.6) is reached at skill level 12.
   Str-4:     It affects your strength (-4).
   rF+:       It protects you from fire.
   rC+:       It protects you from cold.
   +Blink:    It lets you blink.
   Fire:      It increases the power of your Fire spells.
   Air:       It increases the power of your Air spells.
   It falls into the 'Staves' category.
   It is a one-handed weapon.
 X - the staff "Tattletale" {rF+ Int+4 Stlth+ Fire, !a}
   (You found it on level 12 of the Dungeon)

   [staff of fire]

   Base accuracy: +5 Base damage: 5 Base attack delay: 1.2 This weapon's minimum
   attack delay (0.6) is reached at skill level 12.
   Int+4:     It affects your intelligence (+4).
   rF+:       It protects you from fire.
   Stlth+:    It makes you more stealthy.
   Fire:      It increases the power of your Fire spells.
   It falls into the 'Staves' category.
   It is a one-handed weapon.
Jewellery
 a - an amulet of magic regeneration (around neck)
 e - an amulet of reflection
 F - a ring of protection from fire
 M - a ring of magical power (left hand)
 R - a ring of resist corrosion (right hand)
Wands
 h - a wand of digging (20)
 B - a wand of roots (26)
 G - a wand of flame (34)
 K - a wand of mindburst (31)
 O - a wand of polymorph (17)
 W - a wand of charming (24)
Scrolls
 c - a scroll of summoning
 g - 2 scrolls of poison
 i - 9 scrolls of immolation
 k - 13 scrolls of teleportation {@r2}
 l - a scroll of enchant armour
 p - 2 scrolls of brand weapon
 r - 6 scrolls of noise
 s - 7 scrolls of revelation
 w - 6 scrolls of amnesia
 y - 8 scrolls of blinking
 A - 9 scrolls of identify {@r1}
 L - 4 scrolls of fog
 S - 2 scrolls of enchant weapon
 U - 3 scrolls of fear
Potions
 b - 2 potions of magic
 d - 4 potions of cancellation
 f - 2 potions of enlightenment
 n - 4 potions of lignification
 o - 3 potions of brilliance
 q - 3 potions of resistance
 t - 9 potions of haste {@q3}
 x - 3 potions of invisibility
 z - 6 potions of might
 D - 9 potions of curing {@q1}
 P - 6 potions of heal wounds {@q2}
 V - 2 potions of mutation
Miscellaneous
 u - a sack of spiders (inert)
 Q - a phial of floods
 T - a tin of tremorstones (2/2)

Dungeon Overview and Level Annotations

Branches:
Dungeon (15/15)            Temple (1/1) D:5            Lair (5/5) D:11
  Swamp (4/4) Lair:3        Snake (4/4) Lair:3        Slime (5/5) Lair:5
    Orc (2/2) D:10            Elf (0/3) Orc:2        Vaults (4/5) D:13
  Crypt (0/3) Vaults:3     Depths (0/4) D:15          IceCv (visited)

Altars:
Ashenzari
Cheibriados
Dithmenos
Elyvilon
Fedhas
Gozag
Hepliaklqana
Kikubaaqudgha
Makhleb
Nemelex Xobeh
Okawaru
Qazlal
Ru
Sif Muna
Trog
Uskayaw
Vehumet
Wu Jian
Xom
Yredelemnul
Zin
The Shining One
Beogh
Jiyva

Shops:
D:4 **   D:6 *   D:9 [=   D:11 [   Orc:1 !   Orc:2 [[:(   Snake:1 *
Snake:2 !=::   Snake:3 =   Vaults:1 *   Vaults:2 (   Vaults:3 [

Annotations:
D:11 exclusion: 2 downstairs
D:13 3 runed translucent doors, Biggs's ghost, journeyman DjCj
Lair:5 stat-vault, exclusion: obsidian statue
Swamp:4 1 runed translucent door, jejorda2's ghost, adept CoBe
Slime:5 exclusion: upstairs
Vaults:4 1 runed translucent door, exclusion: 3 downstairs

### # ###.#### ###
#.#....### ..#
##........# ..##
##.........## ...#
#...........## ...#
###....JJ.....# ...##
#....J..@.....#
....#####........J...##
.....##.............##
.................J..#
...................##
............J...#.##
..............#####
.............##
............##


You could see a formless jellyfish, an acid blob, an azure jelly (fleeing) and 3
rockslimes.


Message History

The splash of acid hits you! You resist.
* * * LOW HITPOINT WARNING * * *
A hell rat scurries out from under your cloak.
The rockslime barely misses you.
Unknown command.
Unknown command.
You feel much better. The rockslime completely misses you.
Unknown command.
Unknown command.
Casting: Arcjolt (safe; 1% risk of failure)
Confirm with . or Enter, or press ? or * to list all spells.
You feel a surge of power!
Okay, then.
You start to feel a little slower.
The rockslime hits you but does no damage.
Your hell rat bites the rockslime but does no damage.
Unknown command.
The rockslime seems to regain its courage.
The rockslime hits your hell rat. The rockslime hits your hell rat!
Your hell rat dies!
Unknown command.
The formless jellyfish seems to regain its courage.
The acid blob spits acid at you. The splash of acid hits you! You resist.
* * * LOW HITPOINT WARNING * * *
The rockslime completely misses you. x2
Unknown command.
Unknown command.
The rockslime misses you. The rockslime hits you!!
You die...

Skill      XL: |  1  2  3  4  5  6  7  8  9 10 11 12 13 14 15 16 17 18 19 20 21 22 |
---------------+-------------------------------------------------------------------+-----
Conjurations   | 2 3 4 6 8 10 12 14 16 19 22 23 | 23.8
Fighting       | 2 3 5 6 8 10 12 13 15 16 | 16.0
Air Magic      | 6 8 9 10 12 14 15 16 17 | 17.1
Spellcasting   | 4 5 7 9 11 13 15 | 15.0
Dodging        | 4 9 10 12 14 15 | 15.0
Fire Magic     | 6 8 10 11 14 | 14.0
Stealth        | 3 6 8 |  8.0
Shields        | 4 |  4.0
Evocations     | 5 6 8 |  8.0
Ice Magic      | 5 8 10 | 10.0
Armour         | 2 6 8 |  8.0

Action                     |  1- 3 |  4- 6 |  7- 9 | 10-12 | 13-15 | 16-18 | 19-21 | 22-24 || total
---------------------------+-------+-------+-------+-------+-------+-------+-------+-------++-------
  Melee: Unarmed           |     2 |     6 |    28 |       |       |       |       |       ||    36
         Peck              |       |     1 |     7 |       |       |     3 |       |       ||    11
         Kick              |       |       |    20 |       |     1 |     5 |       |       ||    26
         Punch             |       |       |     1 |       |       |       |       |       ||     1
         Staff             |       |       |       |       |     1 |    14 |       |       ||    15
   Cast: Shock             |    61 |   104 |   115 |   172 |    61 |    19 |     7 |       ||   539
         Static Discharge  |       |     7 |     6 |    44 |    18 |     1 |       |       ||    76
         Airstrike         |       |     1 |    74 |   142 |    97 |   103 |    43 |     1 ||   461
         Plasma Beam       |       |       |       |    54 |   306 |   446 |   469 |    63 ||  1338
         Swiftness         |       |       |       |       |     8 |     7 |    18 |     9 ||    42
         Freezing Cloud    |       |       |       |       |    22 |   133 |    69 |    10 ||   234
         Arcjolt           |       |       |       |       |     9 |    39 |    62 |     9 ||   119
         Conjure Ball Ligh |       |       |       |       |     1 |       |       |       ||     1
         Iskenderun's Batt |       |       |       |       |       |    12 |    25 |       ||    37
         Summon Lightning  |       |       |       |       |       |       |    47 |     4 ||    51
Ability: Evoke Blink       |       |       |       |       |       |    10 |     8 |     1 ||    19
  Evoke: Wand              |       |       |       |       |     7 |     7 |     3 |     1 ||    18
         Sack of spiders   |       |       |       |       |       |     2 |     2 |     1 ||     5
         Phial of floods   |       |       |       |       |       |     1 |       |       ||     1
    Use: Scroll            |       |    11 |     4 |     4 |     7 |     5 |     7 |     2 ||    40
         Potion            |       |       |       |       |       |       |     4 |     4 ||     8
   Stab: Sleeping          |       |       |       |       |       |     1 |       |       ||     1
 Armour: Robe              |       |    14 |    20 |    78 |    61 |    54 |       |       ||   227
         Leather armour    |       |       |       |       |       |    94 |   148 |    40 ||   282
  Dodge: Dodged            |     8 |    11 |    21 |    75 |    69 |   187 |   193 |    35 ||   599
  Block: Other             |     2 |     5 |     7 |    23 |       |       |       |       ||    37
         Reflection        |     1 |       |       |     6 |     2 |    26 |    16 |       ||    51
         Buckler           |       |       |       |       |    44 |   125 |    83 |     8 ||   260

Levels and vault maps discovered:
D:1:      lightli_arrival_chessboard, layout_loops_ring, minmay_pentomino_x2
D:2:      layout_basic, chequers_serial_rivers_room_a,
          minmay_stone_trees_medium, uniq_jessica
D:3:      layout_basic, nicolae_overflow_hidden_temple, dreamdust_wishing_well,
          uniq_grinder, uniq_terence, uniq_natasha
D:4:      layout_basic, old_standard_altar, nicolae_specific_store,
          wad_floor_pattern_untrapped
D:5:      layout_cave_pods, minmay_temple_entry_mini_moons,
          chequers_decorated_corner, minmay_crystal_room
D:6:      layout_rooms, small_statue_intersection,
          eino_small_chamber_without_monster, nicolae_elemental_shop,
          uniq_blork_the_orc
D:7:      layout_cave_pools
D:8:      layout_basic, mainiacjoe_overflow_brackets, uniq_psyche, uniq_maggie,
          uniq_grum
D:9:      layout_loops_ring, serial_shops, shop, shop, uniq_maurice
D:10:     layout_loops_ring, david_orc_4
D:11:     minmay_razor_zed, layout_stronghold, hellmonk_lair_entry_icy,
          serial_shops, nicolae_shop_trees
D:12:     layout_layer_cave, uniq_rupert, uniq_fannar, uniq_frances
D:13:     layout_basic, hellmonk_vaults_attempted_burglary,
          gammafunk_ghost_spectres, lemuel_zombie_altar_yredelemnul
D:14:     layout_big_octagon, minmay_misc_feat_chi
D:15:     gammafunk_enter_depths_forms, layout_basic, minivault_26, uniq_louise
Temple:   regret_index_temple_mists
Lair:1:   layout_chaotic_city, uniq_amaemon
Lair:2:   beast_lair_carwin_large_2, layout_loops_ring, serial_bayou_shore_a
Lair:3:   lemuel_reptile_caves, layout_chaotic_city, skrybe_swamp_entry_bodies,
          minmay_snake_entry_guardpost_small
Lair:4:   layout_loops_ring
Lair:5:   due_jungle_book, layout_long_grid, nicolae_slime_entry_slimehenge
Swamp:1:  layout_basic_swamp, gammafunk_ghost_grave,
          evilmike_swamp_ruin_house_3, swamp_pool_1_2, st_swamp_ruins_3
Swamp:2:  layout_basic_swamp, serial_swamp_ruin, hangedman_swamp_ruin_hall,
          evilmike_swamp_ruin_house_4, swamp_pool_4
Swamp:3:  layout_falls_marsh, lemuel_altar_in_water
Swamp:4:  swamp, layout_basic_swamp, ebering_ghost_reflecting_pool,
          swamp_pool_1_2, infiniplex_staircase_pool
Snake:1:  layout_onion, portal_ice_cave_entry_pillars_1, corexii_hall_statues_s,
          nicolae_shop_overcharged_wands
Snake:2:  layout_cave_town, serial_shops, nicolae_shop_tiny_real_fake_doors,
          nicolae_snake_serpentine_hallways, minmay_shop_grove,
          serial_bayou_shore_b, uniq_jorgrun, uniq_vashnia
Snake:3:  layout_misc_corridors, basic_altar, serial_shops,
          nicolae_shop_tiny_waterfront
Snake:4:  snake_pit_salamanders_mu, layout_onion_interference, uniq_roxanne,
          uniq_aizul
Slime:1:  layout_caves
Slime:2:  layout_caves, nicolae_slime_round_cave
Slime:3:  layout_caves, basic_altar
Slime:4:  layout_caves
Slime:5:  slime_pit_nicolae_amoeboid
Orc:1:    layout_caves, serial_shops, nicolae_lakefront_shop, basic_altar
Orc:2:    hellmonk_orc_salted, layout_diamond_mine, uniq_urug
Vaults:1: v_misc_13, nicolae_vaults_more_shelving_1,
          nicolae_vaults_tetromino_L_1, nicolae_vaults_what_the_h,
          vaults_room_fours, hangedman_vaults_stagger,
          nicolae_vaults_double_plus_2, ontoclasm_vaults_ring_square,
          hangedman_vaults_locks, v_misc_16, nicolae_vaults_shelves_hall,
          v_misc_33, grunt_vaults_focal, v_misc_14, layout_vaults_omnicross,
          serial_shops, shop, uniq_saint_roka
Vaults:2: nicolae_vaults_diamond_2, lemuel_angel_altar,
          ontoclasm_vaults_ligature, nicolae_vaults_six-pack, st_check,
          vaults_mumra_hexcomb, nicolae_vaults_storage_room_water,
          nicolae_vaults_house_1, hangedman_vaults_impose,
          nicolae_vaults_little_squares_6, nicolae_vaults_tetromino_Z_2,
          layout_vaults_quadrants, serial_shops, shop
Vaults:3: minmay_crypt_entry_simple_round, vaults_standard_mumra_lines,
          ontoclasm_vaults_chip, hangedman_vaults_trim, v_misc_26, v_misc_12,
          nicolae_vaults_specimen_jars, nicolae_vaults_taking_the_gang_shopping,
          nicolae_vaults_octothorpe, nicolae_vaults_trapezoid_1,
          layout_vaults_chaotic_city
Vaults:4: vaults_dpeg_doors, nicolae_vaults_heart-shaped_vault,
          nicolae_vaults_two_Ls, nicolae_vaults_layer_cake_slice,
          nicolae_vaults_oozy_zoo, v_misc_15, v_misc_11,
          nicolae_vaults_network_quincunx
          [nicolae_vaults_network_quincunx_subvault,
          nicolae_vaults_network_quincunx_subvault,
          nicolae_vaults_network_quincunx_subvault,
          nicolae_vaults_network_quincunx_subvault,
          nicolae_vaults_network_quincunx_subvault],
          nicolae_vaults_more_shelving_2, nicolae_vaults_little_squares_3,
          nicolae_vaults_trapezoid_lopsided_3, hangedman_vaults_pinch,
          layout_vaults_omnibox, uniq_donald

Notes
Turn   | Place    | Note
-------+----------+-------------------------------------------
     0 | D:1      | quinnr the Tengu Air Elementalist began the quest for the
                  | Orb.
     0 | D:1      | Reached XP level 1. HP: 10/10 MP: 4/4
   140 | D:1      | Reached skill level 2 in Conjurations
   251 | D:1      | Reached XP level 2. HP: 15/15 MP: 0/6
   482 | D:1      | Reached skill level 3 in Conjurations
   482 | D:1      | Upgraded the game from 0.32-a0-560-g4c7f4391e0 to
                  | 0.32-a0-576-g706899e69d
  1223 | D:2      | Reached XP level 3. HP: 19/19 MP: 2/7
  1378 | D:2      | Reached skill level 4 in Conjurations
  1617 | D:2      | Upgraded the game from 0.32-a0-576-g706899e69d to
                  | 0.32-a0-607-g64ea0e4219
  1631 | D:2      | Noticed Jessica
  1642 | D:2      | Killed Jessica
  1643 | D:2      | Reached skill level 1 in Fighting
  1645 | D:2      | Reached skill level 2 in Fighting
  1645 | D:2      | Reached XP level 4. HP: 26/26 MP: 3/8
  1650 | D:2      | Learned a level 4 spell: Airstrike
  1778 | D:2      | Learned a level 2 spell: Static Discharge
  2219 | D:3      | Noticed a scorpion
  2231 | D:3      | Killed a scorpion
  2232 | D:3      | Reached XP level 5. HP: 32/32 MP: 5/9
  2334 | D:3      | Noticed Terence
  2371 | D:3      | Killed Terence
  2372 | D:3      | Reached skill level 3 in Fighting
  2372 | D:3      | Reached skill level 5 in Air Magic
  2543 | D:3      | Identified a potion of resistance
  2569 | D:3      | Noticed Grinder
  3018 | D:4      | Found an ornate altar of the Wu Jian Council.
  3215 | D:4      | Reached skill level 6 in Air Magic
  3400 | D:4      | Found Dichua's Specific Store.
  3403 | D:4      | Reached XP level 6. HP: 37/37 MP: 8/10
  3471 | D:4      | Found Gekexkept's General Store.
  4079 | D:4      | Reached skill level 7 in Air Magic
  4206 | D:5      | Entered Level 5 of the Dungeon
  4240 | D:5      | Found a staircase to the Ecumenical Temple.
  4250 | Temple   | Entered the Ecumenical Temple
  4265 | Temple   | Became a worshipper of Vehumet
  4491 | D:5      | Noticed a water moccasin
  4495 | D:5      | Killed a water moccasin
  4496 | D:5      | Reached skill level 8 in Air Magic
  4496 | D:5      | Gained mutation: Your magical flight helps you evade
                  | attacks. (EV +4) [Tengu growth]
  4496 | D:5      | Reached XP level 7. HP: 37/41 MP: 2/11
  4596 | D:5      | Reached skill level 9 in Air Magic
  4736 | D:5      | Learned a level 3 spell: Swiftness
  4834 | D:5      | Noticed a yak
  4875 | D:5      | Killed a yak
  4876 | D:5      | Reached skill level 3 in Spellcasting
  4962 | D:5      | Noticed a yak
  5006 | D:5      | Reached skill level 4 in Spellcasting
  5055 | D:5      | Noticed a yak
  5056 | D:5      | Noticed a yak
  5066 | D:5      | Noticed a yak
  5067 | D:5      | Killed a yak
  5068 | D:5      | Reached XP level 8. HP: 46/46 MP: 10/15
  5074 | D:5      | Killed a yak
  5075 | D:5      | Reached skill level 5 in Conjurations
  5099 | D:4      | Killed a yak
  5100 | D:4      | Reached skill level 4 in Fighting
  5100 | D:4      | Reached skill level 10 in Air Magic
  5393 | D:5      | Killed a yak
  5394 | D:5      | Reached skill level 3 in Dodging
  5914 | D:6      | Reached skill level 5 in Fighting
  5914 | D:6      | Reached skill level 4 in Dodging
  6061 | D:6      | Reached skill level 6 in Conjurations
  6061 | D:6      | Reached XP level 9. HP: 54/54 MP: 7/16
  6123 | D:6      | Found Tyikhixe's Elemental Accessories.
  6203 | D:6      | Reached skill level 7 in Conjurations
  6212 | D:6      | Reached * piety under Vehumet
  6212 | D:6      | Offered knowledge of Magic Dart by Vehumet.
  6502 | D:6      | Noticed a troll
  6522 | D:6      | Killed a troll
  6523 | D:6      | Reached skill level 8 in Conjurations
  6674 | D:6      | Noticed Blork the orc
  6677 | D:6      | Killed Blork the orc
  6813 | D:6      | Reached skill level 5 in Spellcasting
  7071 | D:3      | Noticed Natasha
  7074 | D:3      | Killed Natasha
  7188 | D:3      | Noticed Natasha
  7192 | D:3      | Killed Natasha
  7200 | D:3      | Noticed Natasha
  7281 | D:3      | Killed Natasha
  7471 | D:3      | Killed Grinder
  7929 | D:3      | Found a hide-covered altar of Uskayaw.
  7929 | D:3      | Found an opulent altar of Gozag.
  8031 | D:7      | Reached skill level 11 in Air Magic
  8561 | D:7      | Reached skill level 12 in Air Magic
  9186 | D:6      | Reached XP level 10. HP: 57/59 MP: 6/18
  9331 | D:7      | Reached ** piety under Vehumet
  9334 | D:7      | Reached skill level 13 in Air Magic
  9399 | D:7      | Offered knowledge of Sting by Vehumet.
  9660 | D:8      | Noticed Maggie
  9666 | D:8      | Killed Maggie
  9667 | D:8      | Reached skill level 6 in Spellcasting
  9849 | D:8      | Noticed a two-headed ogre
  9864 | D:8      | Killed a two-headed ogre
  9865 | D:8      | Reached skill level 9 in Conjurations
 10078 | D:8      | Noticed Grum
 10084 | D:8      | Reached skill level 6 in Fighting
 10087 | D:8      | Killed Grum
 10262 | D:8      | Found a bloodstained altar of Trog.
 10284 | D:8      | Reached skill level 10 in Conjurations
 10381 | D:8      | Noticed Psyche
 10383 | D:8      | Killed Psyche
 10843 | D:9      | Reached skill level 7 in Spellcasting
 10845 | D:9      | Identified the staff "Vyof Jiu" {+Blink rF+ rC+ Str-4 Fire
                  | Air}
 11040 | D:9      | Offered knowledge of Inner Flame by Vehumet.
 11454 | D:9      | Noticed Maurice
 11526 | D:9      | Identified the +10 mace of World's End {elec, rElec Will++
                  | Int+3}
 11545 | D:9      | Reached skill level 14 in Air Magic
 11545 | D:9      | Reached XP level 11. HP: 64/64 MP: 19/22
 11705 | D:9      | Reached *** piety under Vehumet
 11708 | D:9      | Reached skill level 15 in Air Magic
 12070 | D:9      | Killed Maurice
 12245 | D:9      | Learned a level 6 spell: Plasma Beam
 12319 | D:9      | Reached skill level 7 in Fighting
 12388 | D:9      | Found Laileash's Antique Armour Emporium.
 12424 | D:9      | Found Polauw's Jewellery Emporium.
 12515 | D:10     | Entered Level 10 of the Dungeon
 12524 | D:10     | Reached skill level 1 in Fire Magic
 12657 | D:10     | Reached skill level 2 in Fire Magic
 12829 | D:10     | Offered knowledge of Fulminant Prism by Vehumet.
 12940 | D:10     | Reached skill level 3 in Fire Magic
 13315 | D:10     | Reached **** piety under Vehumet
 13496 | D:10     | Found a staircase to the Orcish Mines.
 13568 | D:10     | Reached skill level 4 in Fire Magic
 13664 | D:10     | Identified the +9 flail "Orb Guardian's Curse" {distort,
                  | Int+5}
 13722 | D:10     | Offered knowledge of Yara's Violent Unravelling by Vehumet.
 13731 | D:10     | Reached skill level 5 in Fire Magic
 14103 | D:11     | Found a staircase to the Lair.
 14107 | D:11     | Reached skill level 8 in Fighting
 14109 | D:11     | Reached skill level 6 in Fire Magic
 14406 | D:11     | Reached skill level 3 in Stealth
 14509 | D:11     | Noticed a boulder beetle
 14511 | D:11     | Killed a boulder beetle
 14512 | D:11     | Reached XP level 12. HP: 75/75 MP: 22/23
 14600 | D:11     | Reached skill level 5 in Dodging
 14938 | D:11     | Reached skill level 4 in Stealth
 15255 | D:11     | Reached skill level 9 in Fighting
 15295 | D:11     | Noticed a two-headed ogre
 15297 | D:11     | Killed a two-headed ogre
 15298 | D:11     | Reached skill level 6 in Dodging
 15310 | D:11     | Reached skill level 5 in Stealth
 15423 | D:11     | Reached ***** piety under Vehumet
 15486 | D:11     | Offered knowledge of Starburst by Vehumet.
 15943 | D:11     | Found Tocomimo's Antique Armour Shop.
 16055 | Lair:1   | Entered Level 1 of the Lair of Beasts
 16426 | D:12     | Noticed Frances
 16434 | D:11     | HP: 7/76 [poisoned by Frances]
 16439 | D:11     | HP: 4/76 [poisoned by Frances]
 16762 | D:12     | Noticed a boulder beetle
 16769 | D:12     | Killed a boulder beetle
 16770 | D:12     | Reached skill level 7 in Dodging
 16770 | D:12     | Reached skill level 6 in Stealth
 16777 | D:12     | Noticed Rupert
 16780 | D:12     | Killed Rupert
 16781 | D:12     | Reached skill level 10 in Fighting
 16917 | D:12     | Upgraded the game from 0.32-a0-607-g64ea0e4219 to
                  | 0.32-a0-612-g1c984fe9d1
 16922 | D:12     | Reached skill level 8 in Dodging
 17594 | D:13     | Reached skill level 9 in Dodging
 17751 | D:13     | Reached XP level 13. HP: 82/82 MP: 23/24
 17800 | D:13     | Found a runed translucent gate.
 17800 | D:13     | Found a runed translucent gate.
 17800 | D:13     | Found a runed translucent gate.
 17801 | D:13     | Noticed Biggs's ghost (journeyman DjCj)
 17805 | D:13     | Reached skill level 1 in Shields
 17931 | D:13     | Reached skill level 10 in Dodging
 17957 | D:13     | Reached skill level 2 in Shields
 18315 | D:13     | Found a gate to the Vaults.
 18678 | D:13     | Reached skill level 1 in Evocations
 18805 | D:13     | Found a basalt altar of Yredelemnul.
 19040 | D:12     | Killed Frances
 19041 | D:12     | Reached skill level 3 in Shields
 19401 | D:12     | Identified the staff "Tattletale" {rF+ Int+4 Stlth+ Fire}
 19527 | D:12     | Upgraded the game from 0.32-a0-612-g1c984fe9d1 to
                  | 0.32-a0-630-g46d191b0ed
 19660 | D:12     | Reached skill level 2 in Evocations
 19762 | D:12     | Reached skill level 7 in Fire Magic
 20083 | D:12     | Noticed Fannar
 20091 | D:12     | Killed Fannar
 20455 | D:14     | Reached skill level 4 in Shields
 20640 | D:14     | Reached skill level 3 in Evocations
 21047 | D:14     | Reached skill level 8 in Fire Magic
 21047 | D:14     | Reached skill level 4 in Evocations
 21050 | D:14     | Reached skill level 5 in Evocations
 21322 | D:15     | Entered Level 15 of the Dungeon
 21344 | D:15     | Noticed Louise
 21734 | Lair:1   | Reached skill level 8 in Spellcasting
 22578 | Lair:1   | Reached skill level 9 in Spellcasting
 22578 | Lair:1   | Offered knowledge of Freezing Cloud by Vehumet.
 22649 | Lair:1   | Noticed Amaemon
 22651 | Lair:1   | Killed Amaemon
 22652 | Lair:1   | Reached XP level 14. HP: 88/88 MP: 24/28
 22658 | Lair:1   | Learned a level 5 spell: Freezing Cloud
 23256 | Lair:2   | Reached skill level 1 in Ice Magic
 23786 | Lair:2   | Reached skill level 2 in Ice Magic
 24290 | Lair:3   | Reached skill level 7 in Stealth
 24386 | Lair:3   | Found a staircase to the Swamp.
 24628 | Lair:3   | Found a staircase to the Snake Pit.
 24674 | Lair:3   | Reached skill level 11 in Conjurations
 25196 | Lair:3   | Reached skill level 3 in Ice Magic
 25994 | Lair:3   | Offered knowledge of Conjure Ball Lightning by Vehumet.
 26038 | Lair:3   | Upgraded the game from 0.32-a0-630-g46d191b0ed to
                  | 0.32-a0-643-ga006e7742e
 26130 | Lair:3   | Learned a level 6 spell: Conjure Ball Lightning
 26858 | Lair:4   | You are sucked into a shaft and drop 1 floor!
 26858 | Lair:5   | Entered Level 5 of the Lair of Beasts
 26866 | Lair:5   | Found a staircase to the Slime Pits.
 26891 | Lair:5   | Reached skill level 16 in Air Magic
 26933 | Lair:5   | Reached skill level 8 in Stealth
 27140 | Lair:5   | Reached skill level 4 in Ice Magic
 27165 | Lair:5   | Reached skill level 12 in Conjurations
 27251 | Lair:4   | Upgraded the game from 0.32-a0-643-ga006e7742e to
                  | 0.32-a0-656-g3542139ebd
 27763 | Lair:4   | Reached skill level 5 in Ice Magic
 27872 | Lair:4   | Reached XP level 15. HP: 92/92 MP: 22/29
 28601 | Lair:5   | Reached skill level 13 in Conjurations
 28762 | Lair:5   | Reached skill level 17 in Air Magic
 29364 | Lair:5   | Reached skill level 6 in Ice Magic
 29699 | Lair:5   | Learned a level 5 spell: Arcjolt
 30077 | Lair:5   | Reached skill level 14 in Conjurations
 30081 | Lair:5   | Reached skill level 7 in Ice Magic
 30842 | D:15     | Killed Louise
 30906 | D:15     | Reached skill level 8 in Ice Magic
 31054 | D:15     | Offered knowledge of Spellforged Servitor by Vehumet.
 31490 | D:15     | Reached skill level 11 in Dodging
 33253 | D:15     | Reached skill level 12 in Dodging
 33258 | D:15     | Found a staircase to the Depths.
 33889 | Snake:1  | Entered Level 1 of the Snake Pit
 33889 | Snake:1  | Found Waciorish's Overcharged Wands.
 33890 | Snake:1  | Found a glacial archway.
 33916 | IceCv    | Entered an ice cave
 34138 | IceCv    | Reached XP level 16. HP: 97/97 MP: 21/30
 34806 | IceCv    | Reached skill level 13 in Dodging
 35023 | IceCv    | Noticed an Ice Fiend
 35025 | IceCv    | Killed an Ice Fiend
 35067 | IceCv    | Noticed an Ice Fiend
 35089 | IceCv    | Killed an Ice Fiend
 35114 | IceCv    | Identified the ring of Piecas {Ice Will- Str+4}
 35435 | Snake:1  | Reached skill level 14 in Dodging
 36022 | Snake:1  | Reached skill level 10 in Spellcasting
 36349 | Snake:1  | Offered knowledge of Iskenderun's Battlesphere by Vehumet.
 37304 | Snake:2  | Found Jyqoes's Distillery.
 37316 | Snake:2  | Reached skill level 11 in Spellcasting
 37944 | Snake:2  | Noticed Jorgrun
 37960 | Snake:2  | Killed Jorgrun
 37994 | Snake:2  | Noticed a nagaraja
 38004 | Snake:2  | Killed a nagaraja
 38023 | Snake:2  | Reached skill level 11 in Fighting
 38163 | Snake:2  | Noticed Vashnia
 38451 | Snake:1  | Learned a level 5 spell: Iskenderun's Battlesphere
 39458 | Snake:2  | Found Vawify's Book Shoppe.
 39459 | Snake:2  | Found Miuboo Xeso's Jewellery Boutique.
 39460 | Snake:2  | Found Cuow Durhyhe's Book Shoppe.
 39480 | Snake:2  | Bought a book of Iron for 512 gold pieces
 39639 | D:9      | Bought a crude leather armour for 203 gold pieces
 39639 | D:9      | Identified the +2 leather armour "Gotirit" {rC+ Will+
                  | Str+2} (You bought it in a shop on level 9 of the Dungeon)
 39823 | Orc:1    | Entered Level 1 of the Orcish Mines
 39968 | Orc:1    | Found a roughly hewn altar of Beogh.
 40079 | Orc:2    | Entered Level 2 of the Orcish Mines
 40101 | Orc:2    | Reached skill level 1 in Armour
 40858 | Orc:2    | Found a staircase to the Elven Halls.
 40931 | Orc:2    | Noticed Urug
 40934 | Orc:2    | Killed Urug
 40935 | Orc:2    | Reached skill level 12 in Fighting
 40935 | Orc:2    | Reached skill level 2 in Armour
 40935 | Orc:2    | Reached XP level 17. HP: 106/106 MP: 18/33
 41116 | Orc:2    | Offered knowledge of Irradiate by Vehumet.
 41515 | Orc:2    | Reached skill level 3 in Armour
 41732 | Orc:2    | Found Luro Ycu's Armour Boutique.
 41989 | Orc:2    | Found Ywny's Antique Weapon Shop.
 41990 | Orc:2    | Found a roughly hewn altar of Beogh.
 41991 | Orc:2    | Found Monwaj's Book Shop.
 42017 | Orc:2    | Found Humnuejip's Armour Shoppe.
 42492 | Orc:1    | Reached skill level 4 in Armour
 42717 | Orc:1    | Found Iffisuan's Distillery.
 42725 | Orc:1    | Bought a potion of heal wounds for 70 gold pieces
 42725 | Orc:1    | Bought a potion of degeneration for 14 gold pieces
 43735 | Snake:3  | Reached skill level 5 in Armour
 43963 | Snake:2  | Killed Vashnia
 44360 | Snake:3  | Found a blossoming altar of Fedhas.
 44396 | Snake:3  | Reached skill level 12 in Spellcasting
 44602 | Snake:3  | Reached skill level 13 in Fighting
 44735 | Snake:3  | Reached skill level 6 in Armour
 44896 | Snake:3  | Found Huekaoll's Jewellery Shoppe.
 45276 | Snake:4  | Entered Level 4 of the Snake Pit
 45318 | Snake:4  | Noticed Roxanne
 45925 | Snake:4  | Reached skill level 13 in Spellcasting
 46594 | Snake:4  | Identified the serpent talisman of Supple Strength {rF+
                  | Int+4 Dex-5}
 46594 | Snake:4  | Noticed Aizul
 46605 | Snake:4  | Killed Aizul
 46821 | Snake:4  | Offered knowledge of Ignition by Vehumet.
 47081 | Snake:4  | Reached XP level 18. HP: 100/114 MP: 31/36
 47456 | Snake:4  | Reached skill level 14 in Spellcasting
 48642 | Snake:4  | Reached skill level 15 in Spellcasting
 49499 | Snake:4  | Reached skill level 15 in Conjurations
 50124 | Snake:4  | Reached ****** piety under Vehumet
 50124 | Snake:4  | Offered knowledge of Fire Storm by Vehumet.
 50124 | Snake:4  | Offered knowledge of Shatter by Vehumet.
 50124 | Snake:4  | Offered knowledge of Maxwell's Capacitive Coupling by
                  | Vehumet.
 50197 | Snake:4  | Got a serpentine rune of Zot
 50502 | Snake:4  | Killed Roxanne
 50738 | Swamp:1  | Entered Level 1 of the Swamp
 50740 | Swamp:1  | Reached skill level 16 in Conjurations
 51170 | Lair:3   | Reached skill level 9 in Fire Magic
 51422 | Swamp:1  | Found a runed translucent door.
 51424 | Swamp:1  | Noticed Bith's ghost (adept GnWn)
 51901 | Swamp:1  | Identified a +1 robe of resistance
 52398 | Swamp:2  | Reached skill level 10 in Fire Magic
 52412 | Swamp:2  | Reached skill level 6 in Evocations
 53219 | Swamp:3  | Noticed a tentacled monstrosity
 53231 | Swamp:2  | Killed a tentacled monstrosity
 53232 | Swamp:2  | Reached XP level 19. HP: 73/119 MP: 10/39
 53880 | Swamp:3  | Reached skill level 7 in Evocations
 54220 | Swamp:3  | Reached skill level 11 in Fire Magic
 54373 | Swamp:3  | Reached skill level 8 in Evocations
 54742 | Swamp:3  | Found a hazy altar of Hepliaklqana.
 55131 | Swamp:4  | Entered Level 4 of the Swamp
 55390 | Swamp:4  | Reached skill level 7 in Armour
 56700 | Swamp:4  | Got a decaying rune of Zot
 56799 | Swamp:4  | Found a runed translucent door.
 56799 | Swamp:4  | Noticed jejorda2's ghost (adept CoBe)
 57376 | Vaults:1 | Entered Level 1 of the Vaults
 57389 | D:13     | Reached skill level 8 in Armour
 57746 | Vaults:1 | Reached skill level 15 in Dodging
 57870 | D:13     | Reached skill level 14 in Fighting
 58601 | Vaults:1 | Learned a level 4 spell: Summon Lightning Spire
 58861 | Vaults:1 | Reached skill level 15 in Fighting
 59057 | Vaults:1 | Reached XP level 20. HP: 129/129 MP: 23/40
 59582 | Vaults:1 | Identified a +2 robe of resistance
 59586 | Vaults:1 | Noticed Saint Roka
 59597 | Vaults:1 | Killed Saint Roka
 59835 | Vaults:1 | Reached skill level 16 in Fighting
 59885 | Vaults:1 | Upgraded the game from 0.32-a0-656-g3542139ebd to
                  | 0.32-a0-666-ge8a88695a4
 60044 | Vaults:1 | Found Ileaja's General Store.
 60661 | Vaults:1 | Reached skill level 9 in Ice Magic
 61141 | Vaults:2 | Found Ekann's Weapon Emporium.
 61412 | Vaults:2 | Reached skill level 10 in Ice Magic
 61711 | Vaults:2 | Found a white marble altar of Elyvilon.
 62748 | Swamp:1  | Killed Bith's ghost
 62749 | Swamp:1  | Reached skill level 17 in Conjurations
 63672 | Vaults:2 | Identified a scroll of acquirement
 63743 | Vaults:2 | Acquired the +2 ratskin cloak {*Rats rPois rN+ Str-1 Int-1
                  | Dex+1}
 63743 | Vaults:2 | Found the +2 ratskin cloak {*Rats rPois rN+ Str-1 Int-1
                  | Dex+1}
 64541 | Vaults:3 | Reached skill level 18 in Conjurations
 64787 | Vaults:3 | Found Wynab's Armour Boutique.
 64899 | Vaults:3 | Bought the +1 buckler of the Earth {rF+ Slay+2 SInv} for
                  | 722 gold pieces
 65347 | Vaults:3 | Found a staircase to the Crypt.
 65632 | Vaults:3 | Reached skill level 19 in Conjurations
 65740 | Vaults:3 | Reached XP level 21. HP: 136/136 MP: 40/41
 66818 | Vaults:4 | Reached skill level 12 in Fire Magic
 66966 | Vaults:4 | Found the +2 pair of slick slippers {slick, slippery, EV+4}
 67000 | Vaults:4 | Found a runed translucent door.
 67175 | Vaults:4 | Learned a level 9 spell: Fire Storm
 67746 | Vaults:4 | Reached skill level 20 in Conjurations
 68164 | Vaults:4 | Noticed Donald
 68170 | Vaults:4 | Killed Donald
 68791 | Orc:2    | Bought the +0 cloak "Aruffae" {rElec rF+ Int+2 Dex+3} for
                  | 612 gold pieces
 69116 | Slime:1  | Entered Level 1 of the Pits of Slime
 69398 | Slime:1  | Reached skill level 13 in Fire Magic
 70986 | Slime:2  | Gained mutation: Your magical capacity is low. (-10% MP) [a
                  | shining eye]
 71327 | Slime:2  | Reached skill level 21 in Conjurations
 71817 | Slime:3  | Gained mutation: Your health recovers twice as slowly from
                  | being drained. [a shining eye]
 71818 | Slime:3  | Gained mutation: Your flesh is cold resistant. (rC+) [a
                  | shining eye]
 71820 | Slime:3  | Gained mutation: You are vulnerable to heat. (rF-) [a
                  | shining eye]
 71825 | Slime:2  | Lost mutation: Your flesh is cold resistant. (rC+) [potion
                  | of mutation]
 71825 | Slime:2  | Lost mutation: You are vulnerable to heat. (rF-) [potion of
                  | mutation]
 71825 | Slime:2  | Gained mutation: Your movements are slightly less
                  | encumbered by armour. (ER -2) [potion of mutation]
 71825 | Slime:2  | Gained mutation: You occasionally lose the ability to read
                  | scrolls when taking damage. [potion of mutation]
 71825 | Slime:2  | Gained mutation: You are partially covered in iridescent
                  | scales. (AC +2) [potion of mutation]
 71826 | Slime:2  | Lost mutation: You occasionally lose the ability to read
                  | scrolls when taking damage. [potion of mutation]
 71826 | Slime:2  | Lost mutation: Your health recovers twice as slowly from
                  | being drained. [potion of mutation]
 71826 | Slime:2  | Lost mutation: Your magical capacity is low. (-10% MP)
                  | [potion of mutation]
 71826 | Slime:2  | Gained mutation: Your body sometimes deteriorates upon
                  | taking damage. [potion of mutation]
 71826 | Slime:2  | Gained mutation: Your mind is acute. (Int +4, Str/Dex -1)
                  | [potion of mutation]
 71826 | Slime:2  | Gained mutation: Your magical capacity is low. (-10% MP)
                  | [potion of mutation]
 71826 | Slime:2  | Gained mutation: You possess an exceptional clarity of
                  | mind. [potion of mutation]
 71875 | Slime:3  | Reached skill level 14 in Fire Magic
 71921 | Slime:3  | Found a viscous altar of Jiyva.
 72563 | Slime:4  | Paralysed by a formless jellyfish for 1 turns
 73063 | Slime:4  | Reached skill level 22 in Conjurations
 73449 | Slime:4  | Reached XP level 22. HP: 142/142 MP: 37/37
 73637 | Slime:5  | Entered Level 5 of the Pits of Slime
 74553 | Slime:5  | Reached skill level 23 in Conjurations
 74595 | Slime:5  | Gained mutation: You are frail. (-10% HP) [a shining eye]
 74633 | Slime:4  | Lost mutation: You possess an exceptional clarity of mind.
                  | [potion of mutation]
 74633 | Slime:4  | Lost mutation: Your magical capacity is low. (-10% MP)
                  | [potion of mutation]
 74633 | Slime:4  | Lost mutation: You are frail. (-10% HP) [potion of
                  | mutation]
 74634 | Slime:4  | Lost mutation: Your mind is acute. (Int +4, Str/Dex -1)
                  | [potion of mutation]
 74634 | Slime:4  | Lost mutation: Your movements are slightly less encumbered
                  | by armour. (ER -2) [potion of mutation]
 74634 | Slime:4  | Lost mutation: Your body sometimes deteriorates upon taking
                  | damage. [potion of mutation]
 74634 | Slime:4  | Gained mutation: You passively map a small area around you.
                  | [potion of mutation]
 74634 | Slime:4  | Gained mutation: You are occasionally teleported next to
                  | monsters. [potion of mutation]
 74634 | Slime:4  | Gained mutation: You sometimes lose your temper in combat.
                  | [potion of mutation]
 74634 | Slime:4  | Lost mutation: You sometimes lose your temper in combat.
                  | [potion of mutation]
 74635 | Slime:4  | Lost mutation: You are occasionally teleported next to
                  | monsters. [potion of mutation]
 74635 | Slime:4  | Lost mutation: You are partially covered in iridescent
                  | scales. (AC +2) [potion of mutation]
 74635 | Slime:4  | Gained mutation: Your magical capacity is low. (-10% MP)
                  | [potion of mutation]
 74635 | Slime:4  | Gained mutation: Your spells are a little harder to cast,
                  | but a little more powerful. [potion of mutation]
 74635 | Slime:4  | Gained mutation: Your flesh is heat resistant. (rF+)
                  | [potion of mutation]
 74781 | Slime:5  | Noticed the Royal Jelly
 74810 | Slime:5  | Killed the Royal Jelly
 75177 | Slime:5  | Mangled by a rockslime

Vanquished Creatures
  the Royal Jelly (Slime:5)
  Vashnia (Snake:2)
  Jorgrun (Snake:2)
  2 Ice Fiends (IceCv)
  Rupert (D:12)
  A tentacled monstrosity (Swamp:2)
  A lich (Vaults:2)
  2 sphinxes
  19 acid blobs
  A thorn hunter (Swamp:4)
  Frances (D:12)
  Donald (Vaults:4)
  Aizul (Snake:4)
  14 azure jellies
  8 nagarajas
  The ghost of Bith the Impaler, an adept GnWn of Okawaru (Swamp:1)
  Roxanne (Snake:4)
  2 rockslimes
  A fenstrider witch (Lair:3)
  6 vault wardens
  Louise (D:15)
  2 orc warlords
  3 ghouls (Swamp:3)
  8 quicksilver oozes
  5 formless jellyfish
  15 ironbound preservers
  2 vampire knights (Vaults:3)
  6 ironbound thunderhulks
  A stone giant (Vaults:2)
  A very ugly thing (D:15)
  6 eleionomae
  6 bunyips
  10 dire elephants
  A fire dragon (D:15)
  2 crystal guardians (Vaults:1)
  A shambling mangrove (Swamp:4)
  An entropy weaver (shapeshifter) (D:15)
  2 entropy weavers (Vaults:1)
  9 great orbs of eyes
  6 yaktaur captains
  Fannar (D:12)
  A rakshasa (D:15)
  A salamander tyrant (Snake:2)
  4 vault guards
  12 anacondas
  18 hydras
  3 centaur warriors
  2 peacekeepers
  A ghost crab (Swamp:1)
  3 caustic shrike simulacra (IceCv)
  A catoblepas (Lair:4)
  8 alligators
  4 ironbound frosthearts
  4 two-headed ogres
  4 boulder beetles
  Urug (Orc:2)
  2 tengu warriors (D:14)
  2 death yaks (Lair:5)
  16 naga sharpshooters
  9 shock serpents
  A spectral dire elephant (Lair:5)
  2 orc high priests
  16 naga warriors
  2 skysharks
  Amaemon (Lair:1)
  11 salamander mystics
  4 skeletal warriors
  A spectral death yak (Lair:5)
  45 deep trolls
  13 mana vipers
  3 spriggan druids
  5 bog bodies
  19 swamp dragons
  A spectral anaconda (Lair:5)
  4 goliath frogs
  2 glowing orange brains
  6 naga ritualists
  12 arcanists
  8 lindwurms
  A wolf spider zombie (D:13)
  21 ironbound convokers
  A phantasmal warrior (Vaults:3)
  2 deep elf pyromancers (D:13)
  3 necromancers (Lair:5)
  2 obsidian statues (IceCv)
  A spriggan simulacrum (IceCv)
  12 orc knights
  7 orc sorcerers
  14 shining eyes
  Maurice (D:9)
  3 will-o-the-wisps
  4 manticores
  24 ugly things
  8 cyclopes
  A manticore (shapeshifter) (D:15)
  A centaur zombie (D:13)
  3 kobold blastminers (Orc:1)
  17 salamanders
  15 naga magi
  44 black mambas
  19 elephants
  7 guardian serpents (Snake:4)
  A gargoyle (D:11)
  15 vault sentinels
  A torpor snail (Lair:5)
  3 molten gargoyles (D:15)
  3 eyes of devastation (Slime:5)
  2 kobold demonologists
  An orange demon (Lair:1)
  Maggie (D:8)
  12 cane toads
  An unseen horror (D:11)
  4 freezing wraiths (IceCv)
  A dire elephant skeleton (Lair:5)
  18 komodo dragons
  3 rime drakes
  3 ice devils (IceCv)
  Psyche (D:8)
  8 yaktaurs
  A golden dragon simulacrum (IceCv)
  14 trolls
  15 hornets
  Grinder (D:3)
  A bloated husk (Swamp:2)
  10 tyrant leeches
  5 polar bears
  9 blink frogs
  2 glass eyes
  8 saltlings (Orc:2)
  104 slime creatures
  4 dream sheep (Lair:3)
  2 shadows (D:11)
  2 wyverns
  19 spriggans
  A jumping spider (Vaults:3)
  4 wraiths
  A vampire (D:11)
  A culicivora (Vaults:1)
  3 water elementals (D:13)
  64 yaks
  Grum (D:8)
  6 golden eyes (Slime:1)
  5 redbacks
  4 wargs
  3 basilisks
  3 steam dragons
  2 death yak simulacra (Lair:5)
  7 vampire mosquitoes
  2 fire elementals (D:15)
  14 swamp worms
  2 harpy simulacra (IceCv)
  3 spectral cane toads (Lair:5)
  44 nagas
  3 acid dragons
  A hydra simulacrum (IceCv)
  13 water moccasins
  9 swamp drakes (Swamp:4)
  23 orc warriors
  A sky beast (D:7)
  10 ice beasts
  6 ettin simulacra (IceCv)
  2 laughing skulls (D:13)
  3 ogres
  A black bear (Lair:1)
  An elephant zombie (Lair:5)
  11 centaurs
  12 wolves
  3 phantoms
  5 kobold brigands
  Blork the orc (D:6)
  13 bullfrogs
  2 scorpions
  3 gnoll sergeants
  A cane toad simulacrum (Lair:5)
  12 wights
  An elephant simulacrum (Lair:5)
  3 electric eels
  3 howler monkeys
  4 jellies
  3 lava snakes (D:15)
  2 hounds
  2 bombardier beetles
  10 orc priests
  3 gnoll boudas
  15 iguanas
  Jessica (D:2)
  Terence (D:3)
  Natasha (thrice) (D:3)
  20 orc wizards
  28 gnolls
  8 adders
  A shadow imp (D:8)
  7 dart slugs
  3 ribbon worms
  59 orcs
  6 ball pythons
  12 endoplasms
  2 giant cockroaches
  4 goblins
  6 hobgoblins
  27 kobolds
  2 quokkas
  4 bats
  20 frilled lizards
  5 rats
1464 creatures vanquished.

Vanquished Creatures (collateral kills)
  Saint Roka (Vaults:1)
  4 acid blobs
  A rockslime (Slime:5)
  A quicksilver ooze (Slime:2)
  2 formless jellyfish
  A yaktaur captain (Vaults:3)
  An entropy weaver (Vaults:3)
  A salamander tyrant (Snake:4)
  2 deep trolls
  An ironbound convoker (Vaults:4)
  A lindwurm (Vaults:3)
  An ugly thing (Vaults:4)
  9 slime creatures
  An orc priest (Vaults:1)
27 creatures vanquished.

Vanquished Creatures (others)
  A bloated husk (Swamp:1)
  4 foxfires (Swamp:3)
5 creatures vanquished.

Grand Total: 1496 creatures vanquished

Table legend: (Time is in decaauts)
 A = Elapsed time spent in this place.
 B = Non-inter-level travel time spent in this place.
 C = Inter-level travel time spent in this place.
 D = Time resting spent in this place.
 E = Time spent auto-exploring this place.
 F = Levels seen in this place.
 G = Mean time per level.
                   A        B        C        D        E       F      G
               +--------+--------+--------+--------+--------+-----+--------+
         Total |  75361 |  69130 |   6231 |  19037 |  39838 |  41 | 1838.1 |
       Dungeon |  26905 |  24154 |   2751 |   5071 |  16125 |  15 | 1793.7 |
        Temple |     30 |      1 |     29 |      0 |      0 |   1 |   30.0 |
          Lair |  10635 |   9609 |   1026 |   3086 |   5096 |   5 | 2127.0 |
         Swamp |   6094 |   5783 |    311 |   2430 |   2624 |   4 | 1523.5 |
     Snake Pit |  11284 |  10572 |    712 |   2905 |   6082 |   4 | 2821.0 |
    Slime Pits |   5879 |   5543 |    336 |   2934 |   1354 |   5 | 1175.8 |
  Orcish Mines |   3379 |   3033 |    346 |    679 |   2001 |   2 | 1689.5 |
        Vaults |   9683 |   8966 |    717 |   1235 |   6081 |   4 | 2420.8 |
      Ice Cave |   1468 |   1468 |      0 |    697 |    475 |   1 | 1468.0 |
               +--------+--------+--------+--------+--------+-----+--------+

Top non-repeatable levels by time:
 Snake:4: 4524 daAuts
  Lair:3: 3461 daAuts
    D:11: 3120 daAuts
Vaults:1: 3071 daAuts
    D:13: 3039 daAuts
 Snake:2: 2673 daAuts
    D:15: 2583 daAuts
Vaults:3: 2499 daAuts
  Lair:5: 2403 daAuts
Vaults:2: 2268 daAuts
 Snake:1: 2098 daAuts
   Orc:2: 2068 daAuts
    D:12: 2058 daAuts
    D:10: 2006 daAuts
 Snake:3: 1987 daAuts

Table legend:
 A = Non-vault XP
 B = Vault XP
 C = Vault XP percentage of total XP
 D = Non-vault monster count
 E = Vault monster count
 F = Vault count percentage of total count
                 A         B        C        D         E       F
            +---------+---------+-------+---------+---------+-------
      Total |  396443 |  238906 |  37.6 |    1050 |     426 |  28.9
            +---------+---------+-------+---------+---------+-------
        D:1 |      21 |       0 |   0.0 |      14 |       0 |   0.0
        D:2 |      43 |      37 |  46.2 |      14 |       1 |   6.7
        D:3 |     181 |     366 |  66.9 |      14 |       3 |  17.6
        D:4 |     427 |       0 |   0.0 |      28 |       0 |   0.0
        D:5 |    1375 |       0 |   0.0 |      18 |       0 |   0.0
        D:6 |    1120 |      91 |   7.5 |      23 |       1 |   4.2
        D:7 |    1336 |       0 |   0.0 |      31 |       0 |   0.0
        D:8 |    1895 |    1169 |  38.2 |      17 |       5 |  22.7
        D:9 |    3375 |     550 |  14.0 |      35 |       1 |   2.8
       D:10 |    3049 |     704 |  18.8 |      30 |      16 |  34.8
       D:11 |    4168 |    5181 |  55.4 |      12 |      23 |  65.7
       D:12 |    4825 |    4205 |  46.6 |      20 |       3 |  13.0
       D:13 |    5554 |    4609 |  45.4 |      17 |       8 |  32.0
       D:14 |    6678 |       0 |   0.0 |      10 |       0 |   0.0
       D:15 |   13004 |    6821 |  34.4 |      28 |      11 |  28.2
     Lair:1 |    5724 |    1168 |  16.9 |      23 |       2 |   8.0
     Lair:2 |    5161 |    1340 |  20.6 |      20 |       8 |  28.6
     Lair:3 |   12102 |    4253 |  26.0 |      32 |      40 |  55.6
     Lair:4 |    9946 |       0 |   0.0 |      25 |       0 |   0.0
     Lair:5 |   13110 |   12687 |  49.2 |      46 |      34 |  42.5
    Swamp:1 |    7795 |    3480 |  30.9 |      16 |       4 |  20.0
    Swamp:2 |   18344 |       0 |   0.0 |      34 |       0 |   0.0
    Swamp:3 |   22770 |     850 |   3.6 |      37 |       1 |   2.6
    Swamp:4 |   10270 |   14823 |  59.1 |      21 |      25 |  54.3
    Snake:1 |   19583 |       0 |   0.0 |      41 |       0 |   0.0
    Snake:2 |   17415 |    7799 |  30.9 |      32 |       6 |  15.8
    Snake:3 |   17280 |       0 |   0.0 |      27 |       0 |   0.0
    Snake:4 |   35038 |   30403 |  46.5 |      66 |      44 |  40.0
    Slime:1 |   16743 |       0 |   0.0 |      41 |       0 |   0.0
    Slime:2 |    6413 |    8216 |  56.2 |      16 |      10 |  38.5
    Slime:3 |   14582 |    3658 |  20.1 |      24 |       3 |  11.1
    Slime:4 |   15171 |       0 |   0.0 |      27 |       0 |   0.0
    Slime:5 |    9012 |   24825 |  73.4 |      18 |      17 |  48.6
      Orc:1 |    4911 |       0 |   0.0 |      33 |       0 |   0.0
      Orc:2 |    2840 |   12399 |  81.4 |      34 |      33 |  49.3
   Vaults:1 |   27353 |   30269 |  52.5 |      38 |      44 |  53.7
   Vaults:2 |   21749 |   12345 |  36.2 |      34 |      15 |  30.6
   Vaults:3 |   13767 |   17976 |  56.6 |      21 |      23 |  52.3
   Vaults:4 |   22313 |   15870 |  41.6 |      33 |      19 |  36.5
      IceCv |       0 |   12812 | 100.0 |       0 |      26 | 100.0
            +---------+---------+-------+---------+---------+-------

Levels and vault maps discovered:
D:1:      lightli_arrival_chessboard, layout_loops_ring, minmay_pentomino_x2
D:2:      layout_basic, chequers_serial_rivers_room_a,
          minmay_stone_trees_medium, uniq_jessica
D:3:      layout_basic, nicolae_overflow_hidden_temple, dreamdust_wishing_well,
          uniq_grinder, uniq_terence, uniq_natasha
D:4:      layout_basic, old_standard_altar, nicolae_specific_store,
          wad_floor_pattern_untrapped
D:5:      layout_cave_pods, minmay_temple_entry_mini_moons,
          chequers_decorated_corner, minmay_crystal_room
D:6:      layout_rooms, small_statue_intersection,
          eino_small_chamber_without_monster, nicolae_elemental_shop,
          uniq_blork_the_orc
D:7:      layout_cave_pools
D:8:      layout_basic, mainiacjoe_overflow_brackets, uniq_psyche, uniq_maggie,
          uniq_grum
D:9:      layout_loops_ring, serial_shops, shop, shop, uniq_maurice
D:10:     layout_loops_ring, david_orc_4
D:11:     minmay_razor_zed, layout_stronghold, hellmonk_lair_entry_icy,
          serial_shops, nicolae_shop_trees
D:12:     layout_layer_cave, uniq_rupert, uniq_fannar, uniq_frances
D:13:     layout_basic, hellmonk_vaults_attempted_burglary,
          gammafunk_ghost_spectres, lemuel_zombie_altar_yredelemnul
D:14:     layout_big_octagon, minmay_misc_feat_chi
D:15:     gammafunk_enter_depths_forms, layout_basic, minivault_26, uniq_louise
Temple:   regret_index_temple_mists
Lair:1:   layout_chaotic_city, uniq_amaemon
Lair:2:   beast_lair_carwin_large_2, layout_loops_ring, serial_bayou_shore_a
Lair:3:   lemuel_reptile_caves, layout_chaotic_city, skrybe_swamp_entry_bodies,
          minmay_snake_entry_guardpost_small
Lair:4:   layout_loops_ring
Lair:5:   due_jungle_book, layout_long_grid, nicolae_slime_entry_slimehenge
Swamp:1:  layout_basic_swamp, gammafunk_ghost_grave,
          evilmike_swamp_ruin_house_3, swamp_pool_1_2, st_swamp_ruins_3
Swamp:2:  layout_basic_swamp, serial_swamp_ruin, hangedman_swamp_ruin_hall,
          evilmike_swamp_ruin_house_4, swamp_pool_4
Swamp:3:  layout_falls_marsh, lemuel_altar_in_water
Swamp:4:  swamp, layout_basic_swamp, ebering_ghost_reflecting_pool,
          swamp_pool_1_2, infiniplex_staircase_pool
Snake:1:  layout_onion, portal_ice_cave_entry_pillars_1, corexii_hall_statues_s,
          nicolae_shop_overcharged_wands
Snake:2:  layout_cave_town, serial_shops, nicolae_shop_tiny_real_fake_doors,
          nicolae_snake_serpentine_hallways, minmay_shop_grove,
          serial_bayou_shore_b, uniq_jorgrun, uniq_vashnia
Snake:3:  layout_misc_corridors, basic_altar, serial_shops,
          nicolae_shop_tiny_waterfront
Snake:4:  snake_pit_salamanders_mu, layout_onion_interference, uniq_roxanne,
          uniq_aizul
Slime:1:  layout_caves
Slime:2:  layout_caves, nicolae_slime_round_cave
Slime:3:  layout_caves, basic_altar
Slime:4:  layout_caves
Slime:5:  slime_pit_nicolae_amoeboid
Orc:1:    layout_caves, serial_shops, nicolae_lakefront_shop, basic_altar
Orc:2:    hellmonk_orc_salted, layout_diamond_mine, uniq_urug
Vaults:1: v_misc_13, nicolae_vaults_more_shelving_1,
          nicolae_vaults_tetromino_L_1, nicolae_vaults_what_the_h,
          vaults_room_fours, hangedman_vaults_stagger,
          nicolae_vaults_double_plus_2, ontoclasm_vaults_ring_square,
          hangedman_vaults_locks, v_misc_16, nicolae_vaults_shelves_hall,
          v_misc_33, grunt_vaults_focal, v_misc_14, layout_vaults_omnicross,
          serial_shops, shop, uniq_saint_roka
Vaults:2: nicolae_vaults_diamond_2, lemuel_angel_altar,
          ontoclasm_vaults_ligature, nicolae_vaults_six-pack, st_check,
          vaults_mumra_hexcomb, nicolae_vaults_storage_room_water,
          nicolae_vaults_house_1, hangedman_vaults_impose,
          nicolae_vaults_little_squares_6, nicolae_vaults_tetromino_Z_2,
          layout_vaults_quadrants, serial_shops, shop
Vaults:3: minmay_crypt_entry_simple_round, vaults_standard_mumra_lines,
          ontoclasm_vaults_chip, hangedman_vaults_trim, v_misc_26, v_misc_12,
          nicolae_vaults_specimen_jars, nicolae_vaults_taking_the_gang_shopping,
          nicolae_vaults_octothorpe, nicolae_vaults_trapezoid_1,
          layout_vaults_chaotic_city
Vaults:4: vaults_dpeg_doors, nicolae_vaults_heart-shaped_vault,
          nicolae_vaults_two_Ls, nicolae_vaults_layer_cake_slice,
          nicolae_vaults_oozy_zoo, v_misc_15, v_misc_11,
          nicolae_vaults_network_quincunx
          [nicolae_vaults_network_quincunx_subvault,
          nicolae_vaults_network_quincunx_subvault,
          nicolae_vaults_network_quincunx_subvault,
          nicolae_vaults_network_quincunx_subvault,
          nicolae_vaults_network_quincunx_subvault],
          nicolae_vaults_more_shelving_2, nicolae_vaults_little_squares_3,
          nicolae_vaults_trapezoid_lopsided_3, hangedman_vaults_pinch,
          layout_vaults_omnibox, uniq_donald
